 Dungeon Crawl Stone Soup version 0.29-a0-541-gaf1fc19f1b (webtiles) character file.

Game seed: 2322870860681749179

357 vulpzor the Chopper (level 6, 0/56 HPs)
             Began as a Minotaur Berserker on June 3, 2022.
             Was a Priest of Trog.
             Slain by a gnoll
             ... wielding a +0 spear
             ... led by a gnoll shaman
              (2 damage)
             ... on level 4 of the Dungeon.
             The game lasted 00:13:46 (2832 turns).

vulpzor the Chopper (Minotaur Berserker)            Turns: 2832, Time: 00:13:46

Health: 0/56       AC:  9    Str: 30    XL:     6   Next: 36%
Magic:  5/5        EV: 12    Int:  4    God:    Trog [***...]
Gold:   124        SH:  0    Dex: 15    Spells: 5/5 levels left

rFire   . . .      SeeInvis .   a - +0 hand axe
rCold   . . .      Faith    .   (no shield)
rNeg    . . .      Spirit   .   n - +0 scale mail
rPois   .          Reflect  .   (helmet restricted)
rElec   .          Harm     .   (no cloak)
rCorr   .          Rampage  .   c - +1 pair of gloves
Will    .....                   (no boots)
Stlth   ..........              (no amulet)
HPRegen 0.18/turn               x - +6 ring of dexterity
MPRegen 0.09/turn               o - +6 ring of strength

@: on berserk cooldown, slowed, very slow
A: horns 2, retaliatory headbutt
a: Renounce Religion, Berserk, Trog's Hand


You were on level 4 of the Dungeon.
You worshipped Trog.
Trog was most pleased with you.
You visited 1 branch of the dungeon, and saw 6 of its levels.

You collected 124 gold pieces.

Inventory:

Hand Weapons
 a - a +0 hand axe (weapon)
 h - a +0 long sword
Armour
 b - a +1 animal skin
 c - a +1 pair of gloves (worn)
 g - a +2 robe of positive energy
 m - a +0 ring mail
 n - a +0 scale mail (worn)
Jewellery
 e - a ring of wizardry
 o - a +6 ring of strength (right hand)
 x - a +6 ring of dexterity (left hand)
Wands
 y - a wand of iceblast (9)
Scrolls
 f - a scroll of brand weapon {unknown}
 i - 2 scrolls of enchant armour
 l - a scroll of immolation {unknown}
 r - 3 scrolls of fear {unknown}
 s - a scroll of summoning {unknown}
 u - 2 scrolls of noise {unknown}
 v - a scroll of enchant weapon {unknown}
 z - a scroll of vulnerability {unknown}
Potions
 d - 4 potions of heal wounds {unknown}
 j - 2 potions of mutation {unknown}
 k - a potion of degeneration {unknown}
 p - 2 potions of attraction {unknown}
 q - a potion of curing {unknown}
 t - a potion of magic {unknown}
 w - a potion of invisibility {unknown}


   Skills:
 + Level 5.1 Fighting
 + Level 5.7 Axes
 + Level 4.3 Armour
 + Level 3.8 Dodging
 + Level 0.8 Stealth


You had 5 spell levels left.
You didn't know any spells.
Your spell library contained the following spells:

 Spells                   Type           Power      Damage    Failure   Level
 Ensorcelled Hibernation  Hex/Ice        0%         N/A       86%         2
 Spider Form              Tmut/Pois      0%         N/A       98%         3
 Anguish                  Hex/Necr       0%         N/A       100%        4


Dungeon Overview and Level Annotations

Branches:
Dungeon (6/15)
 Temple: D:4-7

Altars:


Innate Abilities, Weirdness & Mutations

You have a pair of horns on your head.
You reflexively headbutt those who attack you in melee.


Message History

* * * LOW HITPOINT WARNING * * *
The gnoll misses you. The gnoll closely misses you.
You closely miss the gnoll. You headbutt the gnoll.
You kill the gnoll!
Trog accepts your kill.
You slash the iguana! You hit the gnoll. The gnoll barely misses you.
The iguana bites you.
* * * LOW HITPOINT WARNING * * *
The gnoll hits you from afar with a +0 spear!
* * * LOW HITPOINT WARNING * * *
The iguana bites you.
* * * LOW HITPOINT WARNING * * *
The gnoll hits you from afar with a +0 spear.
* * * LOW HITPOINT WARNING * * *
You closely miss the iguana. You headbutt the iguana.
You kill the iguana!
Trog accepts your kill.
You hit the gnoll. You completely miss the gnoll.
Your headbutt misses the gnoll.
The gnoll is severely wounded.
The gnoll barely misses you.
The gnoll hits you from afar with a +0 spear.
* * * LOW HITPOINT WARNING * * *
You slash the gnoll!
You kill the gnoll!
Trog accepts your kill. The gnoll hits you but does no damage.
You barely miss the kobold. You headbutt the kobold.
You kill the kobold!
Trog accepts your kill.
You feel a strong urge to attack something.
The gnoll barely misses you.
You are no longer berserk.
You are exhausted.
You feel yourself slow down.
Items here: ( ))) [ | †.
You hit the gnoll.
The gnoll is lightly wounded.
The gnoll hits you with a +0 spear.
You die...

.# #.... .## #.#)# .
..########...# .(
..##.......# ?.
######..#.......###.#
........##..........#
........##.......###
...................#
.......#........@g.#
.......#........#=.#
.......###.....##.....
.......# #....##
##...# .......##..####
...# .......#.....##
..# ...............
#.# #.............. ..
#........<.....


You could see a gnoll.

Vanquished Creatures
  A phantom (D:4)
  2 hounds
  A gnoll shaman (D:4)
  Jessica (D:2)
  An iguana (D:4)
  3 gnolls (D:4)
  3 adders (D:2)
  A worm (D:2)
  A dart slug (D:4)
  6 orcs
  10 endoplasms
  5 giant cockroaches
  2 goblins
  5 hobgoblins
  4 jackals (D:2)
  4 quokkas
  5 ball pythons
  6 bats
  7 frilled lizards
  6 kobolds
  4 rats
  4 bushes (D:3)
82 creatures vanquished.

Vanquished Creatures (others)
  3 fungi (D:1)
  7 plants (D:3)
10 creatures vanquished.

Grand Total: 92 creatures vanquished

Notes
Turn   | Place    | Note
-------+----------+-------------------------------------------
     0 | D:1      | vulpzor the Minotaur Berserker began the quest for the Orb.
     0 | D:1      | Reached XP level 1. HP: 19/19 MP: 0/0
   222 | D:1      | Reached XP level 2. HP: 22/27 MP: 1/1
   415 | D:1      | Found a faded altar of an unknown god.
   773 | D:2      | Reached ** piety under Trog
   816 | D:2      | Reached XP level 3. HP: 32/33 MP: 2/2
   843 | D:2      | Noticed Jessica
   851 | D:2      | Killed Jessica
  1031 | D:2      | Reached XP level 4. HP: 41/41 MP: 3/3
  2683 | D:3      | You fall into a shaft and drop 3 floors!
  2711 | D:6      | Reached XP level 5. HP: 43/47 MP: 4/4
  2738 | D:6      | Noticed a phantom
  2746 | D:5      | Entered Level 5 of the Dungeon
  2760 | D:4      | Killed a phantom
  2760 | D:4      | Reached *** piety under Trog
  2761 | D:4      | Reached skill level 5 in Fighting
  2761 | D:4      | Reached skill level 5 in Axes
  2767 | D:4      | Reached XP level 6. HP: 56/56 MP: 5/5
  2824 | D:4      | HP: 2/84 [gnoll/+0 spear[a gnoll shaman] (3)]
  2832 | D:4      | Slain by a gnoll

Illustrated notes

Levels and vault maps discovered:
D:1:      scummos_arrival_checkerplants, layout_loops_ring,
          hellmonk_ecumenical_altar_inner_sanctum, minmay_misc_feat_tiny,
          st_stairs_10, minmay_distorted
D:2:      layout_basic, uniq_jessica
D:3:      layout_rooms, serial_forest, infiniplex_forest_lined_4_way,
          infiniplex_forest_corner_2, infiniplex_forest_clump_large,
          infiniplex_forest_clump_tiny, infiniplex_forest_straight_1,
          infiniplex_forest_clump_diagonal, minmay_vboxes
D:4:      layout_rooms, ebering_ghost_disaster_area
D:5:      cheibrodos_barr_body, layout_basic, nicolae_overflow_crystal_walls,
          uniq_sigmund
D:6:      old_forge, layout_gridville, serial_shops,
          nicolae_shop_advertising_works [nicolae_subvault_shop_adworks],
          minivault_14, uniq_grinder

Skill      XL: |  1  2  3  4  5  6 |
---------------+-------------------+-----
Axes           | 4 5 |  5.7
Fighting       | 4 5 |  5.1
Dodging        | 3 |  3.8
Armour         | 3 4 |  4.3
Stealth        | |  0.8

Action                   |  1- 3 |  4- 6 || total
-------------------------+-------+-------++-------
Melee: Hand axe          |    48 |   242 ||   290
       Headbutt          |    12 |    64 ||    76
       Punch             |       |     6 ||     6
Invok: Berserk           |       |     2 ||     2
  Use: Scroll            |     3 |       ||     3
Armor: Animal skin       |    24 |       ||    24
       Robe              |     4 |     6 ||    10
       Scale mail        |       |    39 ||    39
Dodge: Dodged            |    57 |    69 ||   126

Table legend: (Time is in decaauts)
 A = Elapsed time spent in this place.
 B = Non-inter-level travel time spent in this place.
 C = Inter-level travel time spent in this place.
 D = Time resting spent in this place.
 E = Time spent auto-exploring this place.
 F = Levels seen in this place.
 G = Mean time per level.
                   A        B        C        D        E       F      G
               +--------+--------+--------+--------+--------+-----+--------+
         Total |   2853 |   2853 |      0 |    149 |   1355 |   6 |  475.5 |
       Dungeon |   2853 |   2853 |      0 |    149 |   1355 |   6 |  475.5 |
               +--------+--------+--------+--------+--------+-----+--------+

Top non-repeatable levels by time:
     D:2: 1247 daAuts
     D:3: 756 daAuts
     D:1: 697 daAuts
     D:4: 80 daAuts
     D:6: 63 daAuts
     D:5: 8 daAuts
